 Dungeon Crawl Stone Soup version 0.22-a0-412-g2b68d14 (webtiles) character file.

4781 Salmacis the Cleaver (level 10, -4/72 HPs)
             Began as a Minotaur Fighter on May 13, 2018.
             Was a Follower of Makhleb.
             Slain by Psyche
             ... wielding a +2 dagger of chaos
              (16 damage)
             ... on level 9 of the Dungeon.
             The game lasted 00:15:32 (6340 turns).

Salmacis the Cleaver (Minotaur Fighter)             Turns: 6340, Time: 00:15:33

Health: -4/72      AC: 10    Str: 24    XL:     10   Next: 23%
Magic:  13/13      EV:  4    Int:  5    God:    Makhleb [*.....]
Gold:   452        SH: 15    Dex: 10    Spells: 9/9 levels left

rFire    . . .     SeeInvis .   v - +3 war axe
rCold    + + .     Gourm    +   n - +0 large shield
rNeg     . . .     Faith    .   A - +0 chain mail
rPois    .         Spirit   .   (helmet restricted)
rElec    .         Reflect  .   d - +0 cloak
rCorr    .         Harm     .   (no gloves)
MR       .....     Rnd*Tele +   (no boots)
Stlth    ..........             g - amulet of the gourmand
HPRegen  0.22/turn              h - ring of protection from cold
MPRegen  0.13/turn              p - ring of flight

@: lethally poisoned (-4 -> -11), very slightly contaminated, slowed, drained,
invisible (expiring), very slow
A: retaliatory headbutt, beak, claws 1, horns 2, cold resistance 1, frail 1,
sense surroundings 1, teleportitis 1, no potion heal 1
a: Renounce Religion, Evoke Flight


You were on level 9 of the Dungeon.
You worshipped Makhleb.
Makhleb was aware of your devotion.
You were very full.

You visited 2 branches of the dungeon, and saw 10 of its levels.

You collected 452 gold pieces.

Inventory:

Hand Weapons
 v - a +3 war axe (weapon)
Missiles
 u - 6 tomahawks of dispersal (quivered)
Armour
 d - a +0 cloak (worn)
 n - a +0 large shield (worn)
 A - a +0 chain mail (worn)
Jewellery
 g - an amulet of the gourmand (around neck)
 h - a ring of protection from cold (left claw)
 p - a ring of flight (right claw)
 x - a cursed ring of teleportation {unknown}
Scrolls
 b - a scroll of teleportation
 i - a scroll of fog
 k - 2 scrolls of remove curse
 l - a scroll of amnesia {unknown}
 m - 2 scrolls of random uselessness {unknown}
 o - 3 scrolls of magic mapping
 r - a scroll of enchant armour {unknown}
 s - 2 scrolls of immolation {unknown}
 w - 2 scrolls of identify
 y - a scroll of enchant weapon {unknown}
Comestibles
 f - 12 rations


   Skills:
 - Level 5.0(4.7) Fighting
 + Level 14.8(14.5) Axes
 - Level 3.7(3.4) Armour
 - Level 5.0(4.7) Shields
 - Level 6.2(6.0) Invocations


You had 9 spell levels left.
You didn't know any spells.
Your spell library was empty.

Dungeon Overview and Level Annotations

Branches:
Dungeon (9/15)             Temple (1/1) D:6
   Lair: D:8-11         Orc: D:9-12

Altars:
Ashenzari
Elyvilon
Gozag
Hepliaklqana
Makhleb
Nemelex Xobeh
Okawaru
Qazlal
Trog
Vehumet
Xom
Zin
The Shining One

Annotations:
D:9 Psyche


Innate Abilities, Weirdness & Mutations

You reflexively headbutt those who attack you in melee.
You have a pair of horns on your head.
You have a beak for a mouth.
You have sharp fingernails.
Your flesh is cold resistant. (rC+)
You are frail. (-10% HP)
You passively map a small area around you.
You are occasionally teleported next to monsters.
Potions are less effective at restoring your health.


Message History

You block something's attack. Something hits you but does no damage.
You hit something. You peck something.
You flicker for a moment.
You feel sick. Something completely misses you.
Something hits you but does no damage. x2
You closely miss something. Your headbutt misses something.
Your peck misses something.
You feel sick. Something hits you but does no damage.
You feel drained. Something hits you.
* * * LOW HITPOINT WARNING * * *
Something burns you.
* * * LOW HITPOINT WARNING * * *
You slash something! Your peck misses something.
You feel sick.
You hear some strange, mumbled words.
A magic dart appears from out of thin air!
The magic dart hits you!
* * * LOW HITPOINT WARNING * * *
Something hits you.
* * * LOW HITPOINT WARNING * * *
You are electrocuted!
You die...

#.#.#..### * #......# ,
## ########.#.##.# #..
###......†...##.###.#.#
* ,
....######............#*
##### #####......... ,**
# #..###.##### ,
######### #..##y...... ,
* .......<# #..@{y......
, #######.# #.###.......
* #.# #.# *.#..... #.#
#.# .# .... ,, #.# #.#
.# ..., #.# #.* *.# ..
#######.# #. .. ,. ,
........# *## #########


You could see 2 killer bees.

Vanquished Creatures
  2 two-headed ogres (D:8)
  Pikel (D:4)
  Eustachio (D:4)
  The ghost of tstbtto the Chopper, an amateur DrFi of Trog (D:4)
  Duvessa (D:7)
  A black bear (D:7)
  A sky beast (D:5)
  A slave (D:4)
  A centaur (D:7)
  2 ogres
  7 bullfrogs
  A big kobold (D:6)
  Dowan (D:7)
  A scorpion (D:4)
  The ghost of tstbtto the Chopper, a weakling DrFi (D:3)
  10 killer bees
  2 howler monkeys (D:7)
  5 crimson imps
  A centaur zombie (D:7)
  Crazy Yiuf (D:2)
  A gnoll shaman (D:7)
  3 orc priests
  4 hounds
  A jelly (D:5)
  6 orc wizards
  A bullfrog skeleton (D:8)
  3 iguanas
  5 worker ants
  9 adders
  5 gnolls (D:7)
  A shadow imp (D:7)
  2 oozes (D:1)
  4 worms
  4 dart slugs
  5 leopard geckos
  19 orcs
  3 giant cockroaches
  9 goblins
  6 hobgoblins
  4 quokkas
  4 ball pythons
  7 bats
  7 frilled lizards
  A jackal skeleton (D:5)
  11 kobolds
  A leopard gecko skeleton (D:2)
  10 rats
178 creatures vanquished.

Vanquished Creatures (others)
  A scorpion (D:4)
1 creature vanquished.

Grand Total: 179 creatures vanquished

Notes
Turn   | Place    | Note
-------+----------+-------------------------------------------
     0 | D:1      | Salmacis the Minotaur Fighter began the quest for the Orb.
     0 | D:1      | Reached XP level 1. HP: 19/19 MP: 0/0
   104 | D:1      | Reached XP level 2. HP: 27/27 MP: 1/1
   138 | D:1      | Reached skill level 3 in Axes
   373 | D:1      | Reached XP level 3. HP: 34/34 MP: 2/2
   820 | D:2      | Reached skill level 4 in Axes
   843 | D:2      | Reached XP level 4. HP: 40/41 MP: 3/3
  1033 | D:2      | Reached skill level 5 in Fighting
  1098 | D:2      | Found a runed door.
  1102 | D:2      | Noticed Crazy Yiuf
  1108 | D:2      | Killed Crazy Yiuf
  1207 | D:2      | Reached XP level 5. HP: 48/48 MP: 4/4
  1367 | D:3      | Noticed tstbtto's ghost (weakling DrFi)
  1372 | D:3      | Killed tstbtto's ghost
  1372 | D:3      | Reached skill level 5 in Axes
  1533 | D:3      | Reached skill level 5 in Shields
  1698 | D:3      | Reached XP level 6. HP: 47/56 MP: 5/5
  2139 | D:4      | Reached skill level 6 in Axes
  2272 | D:4      | Noticed tstbtto's ghost (amateur DrFi)
  2279 | D:4      | Killed tstbtto's ghost
  2279 | D:4      | Reached skill level 7 in Axes
  2388 | D:4      | Noticed Eustachio
  2404 | D:4      | Reached XP level 7. HP: 35/61 MP: 6/6
  2412 | D:4      | Killed Eustachio
  2412 | D:4      | Reached skill level 8 in Axes
  2694 | D:4      | Noticed Pikel
  2727 | D:4      | Killed Pikel
  2727 | D:4      | Reached skill level 10 in Axes
  2727 | D:4      | Reached XP level 8. HP: 16/68 MP: 7/7
  3096 | D:5      | Entered Level 5 of the Dungeon
  3130 | D:5      | Reached skill level 11 in Axes
  3259 | D:5      | Found a shimmering altar of Xom.
  3398 | D:5      | Reached skill level 12 in Axes
  4011 | D:6      | Reached XP level 9. HP: 66/74 MP: 8/8
  4181 | D:6      | Found a staircase to the Ecumenical Temple.
  4189 | Temple   | Entered the Ecumenical Temple
  4207 | Temple   | Became a worshipper of Makhleb the Destroyer
  4272 | D:6      | Reached skill level 13 in Axes
  4404 | D:7      | Reached skill level 1 in Invocations
  4452 | D:7      | Noticed Dowan
  4453 | D:7      | Noticed Duvessa
  4464 | D:7      | Killed Duvessa
  4474 | D:7      | Killed Dowan
  4719 | D:7      | Found an iron altar of Okawaru.
  4741 | D:7      | Reached * piety under Makhleb
  4853 | D:8      | Found a radiant altar of Vehumet.
  4854 | D:8      | Found a glowing silver altar of Zin.
  4855 | D:8      | Found a stormy altar of Qazlal.
  4855 | D:8      | Found a sparkling altar of Nemelex Xobeh.
  4855 | D:8      | Found a hazy altar of Hepliaklqana.
  4855 | D:8      | Noticed a two-headed ogre
  4887 | D:8      | Killed a two-headed ogre
  4887 | D:8      | Reached skill level 14 in Axes
  4904 | D:8      | Found a glowing golden altar of the Shining One.
  4904 | D:8      | Found a shattered altar of Ashenzari.
  4951 | D:8      | Reached skill level 5 in Invocations
  5005 | D:8      | Reached XP level 10. HP: 22/81 MP: 11/13
  5605 | D:8      | Noticed a two-headed ogre
  6103 | D:8      | Gained mutation: Your body sometimes deteriorates upon taking damage. [potion of mutation]
  6103 | D:8      | Gained mutation: You passively map a small area around you. [potion of mutation]
  6103 | D:8      | Gained mutation: Your spells are a little harder to cast, but a little more powerful. [potion of mutation]
  6104 | D:8      | Lost mutation: Your spells are a little harder to cast, but a little more powerful. [potion of mutation]
  6104 | D:8      | Lost mutation: Your body sometimes deteriorates upon taking damage. [potion of mutation]
  6104 | D:8      | Gained mutation: You have sharp fingernails. [potion of mutation]
  6104 | D:8      | Gained mutation: You are frail. (-10% HP) [potion of mutation]
  6104 | D:8      | Gained mutation: You are occasionally teleported next to monsters. [potion of mutation]
  6104 | D:8      | Gained mutation: You are partially covered in icy blue scales. (AC +2) [potion of mutation]
  6105 | D:8      | Lost mutation: You are frail. (-10% HP) [potion of mutation]
  6105 | D:8      | Lost mutation: You are partially covered in icy blue scales. (AC +2) [potion of mutation]
  6105 | D:8      | Gained mutation: Potions are less effective at restoring your health. [potion of mutation]
  6105 | D:8      | Gained mutation: You have a beak for a mouth. [potion of mutation]
  6105 | D:8      | Gained mutation: You are frail. (-10% HP) [potion of mutation]
  6105 | D:8      | Gained mutation: Your flesh is cold resistant. (rC+) [potion of mutation]
  6112 | D:8      | Killed a two-headed ogre
  6320 | D:9      | Noticed Psyche
  6340 | D:9      | Slain by Psyche

Vault maps used:
D:1:      lightli_arrival_maybe_door_vault
D:2:      first_ration, uniq_crazy_yiuf_cottage
D:4:      minivault_1, uniq_pikel, uniq_eustachio
D:5:      xom_teletrap_fun
D:6:      minmay_temple_entry_enclosed_plants, minmay_unpleasant_kobolds
D:7:      okawaru_trees_1, uniq_duvessa
D:8:      grunt_temple_overflow_open
D:9:      grunt_livestock, nrook_loot_triangle, grunt_ministairs_15,
          led_sif_book, uniq_maurice, uniq_psyche
Temple:   nicolae_temple_great_sept

Skill      XL: |  1  2  3  4  5  6  7  8  9 10 |
---------------+-------------------------------+-----
Fighting       | 4 5 |  5.0
Axes           | 3 4 5 7 10 12 14 | 14.8
Shields        | 4 5 |  5.0
Invocations    | 5 6 |  6.2
Armour         | |  3.7

Action                   |  1- 3 |  4- 6 |  7- 9 | 10-12 || total
-------------------------+-------+-------+-------+-------++-------
Melee: War axe           |    62 |   136 |   264 |    60 ||   522
       Headbutt          |    13 |    25 |    51 |    10 ||    99
       Peck              |       |       |       |     8 ||     8
Throw: Tomahawk          |       |       |     5 |       ||     5
  Use: Potion            |       |     4 |     7 |     3 ||    14
       Scroll            |       |     7 |     2 |     1 ||    10
  Eat: Chunk             |       |     5 |    21 |     3 ||    29
Armor: Scale mail        |    16 |    45 |    51 |       ||   112
       Chain mail        |       |       |    47 |    20 ||    67
Dodge: Dodged            |    23 |    19 |    38 |     8 ||    88
Block: Shield            |    30 |     2 |       |       ||    32
       Large shield      |       |    95 |   205 |    46 ||   346

Table legend:
 A = Spawn XP
 B = Non-spawn XP
 C = Spawn XP percentage of total XP
 D = Spawn monster count
 E = Non-spawn monster count
 F = Spawn count percentage of total count
 G = Total turns spent on level
                    A         B        C        D         E        F      G
               +---------+---------+-------+---------+---------+-------+---------
         Total |       0 |    6831 |   0.0 |       0 |     177 |   0.0 |  6340
               +---------+---------+-------+---------+---------+-------+---------
           D:1 |       0 |      55 |   0.0 |       0 |      22 |   0.0 |   703
           D:2 |       0 |     155 |   0.0 |       0 |      31 |   0.0 |   656
           D:3 |       0 |     174 |   0.0 |       0 |      23 |   0.0 |   747
           D:4 |       0 |    1224 |   0.0 |       0 |      17 |   0.0 |   990
           D:5 |       0 |     649 |   0.0 |       0 |      16 |   0.0 |   417
           D:6 |       0 |     736 |   0.0 |       0 |      21 |   0.0 |   839
           D:7 |       0 |     945 |   0.0 |       0 |      20 |   0.0 |   442
           D:8 |       0 |    2646 |   0.0 |       0 |      22 |   0.0 |  1298
           D:9 |       0 |     247 |   0.0 |       0 |       5 |   0.0 |   217
               +---------+---------+-------+---------+---------+-------+---------
